 Dungeon Crawl Stone Soup version 0.27-a0-531-gb72ec1a1b6 (webtiles) character file.

Game seed: 726996969203623660

134 siradein the Unweaver (level 4, -2/38 HPs)
             Began as a Draconian Abyssal Knight on Mar 6, 2021.
             Was a Follower of Lugonu.
             Slain by Grinder (6 damage)
             ... on level 3 of the Dungeon.
             The game lasted 00:04:35 (2757 turns).

siradein the Unweaver (Draconian Abyssal Knight)    Turns: 2757, Time: 00:04:36

Health: -2/38      AC:  7    Str: 14    XL:     4   Next: 95%
Magic:  16/16      EV: 12    Int: 13    God:    Lugonu [*.....]
Gold:   89         SH:  0    Dex: 11    Spells: 3/3 levels left

rFire    . . .     SeeInvis .   a - +1 spear
rCold    . . .     Faith    .   (no shield)
rNeg     . . .     Spirit   .   (armour unavailable)
rPois    .         Reflect  .   (helmet restricted)
rElec    .         Harm     .   i - +0 cloak
rCorr    .         Rampage  .   c - +0 pair of gloves
Will     .....                  (no boots)
Stlth    +.........             (no amulet)
HPRegen  0.12/turn              f - ring of magical power
MPRegen  0.15/turn              (no ring)

@: no status effects
A: unfitting armour, cold-blooded, AC +5
a: Renounce Religion, Depart the Abyss


You were on level 3 of the Dungeon.
You worshipped Lugonu.
Lugonu was aware of your devotion.
You visited 1 branch of the dungeon, and saw 3 of its levels.
You visited the Abyss 1 time.

You collected 89 gold pieces.

Inventory:

Hand Weapons
 a - a +1 spear (weapon)
Missiles
 m - 3 javelins (quivered)
 n - 24 poisoned darts
Armour
 c - a +0 pair of gloves (worn)
 i - a +0 cloak (worn)
Jewellery
 f - a ring of magical power (left hand)
Scrolls
 d - a scroll of random uselessness {unknown}
 e - a scroll of immolation {unknown}
 g - a scroll of enchant weapon {unknown}
 k - a scroll of teleportation {unknown}
Potions
 b - a potion of lignification {unknown}
 h - 2 potions of heal wounds {unknown}
 j - a potion of degeneration {unknown}
 l - 2 potions of haste {unknown}
 o - a potion of mutation {unknown}


   Skills:
 - Level 3.2 Fighting
 + Level 3.9 Polearms
 - Level 2.1 Dodging
 + Level 4.2 Invocations


You had 3 spell levels left.
You didn't know any spells.
Your spell library was empty.

Dungeon Overview and Level Annotations

Branches:
Dungeon (3/15)

Altars:

Annotations:
D:3 Grinder


Innate Abilities, Weirdness & Mutations

Your plain brown scales are hard. (AC +5)
You cannot fit into any form of body armour.
You are cold-blooded and may be slowed by cold attacks.


Message History

You climb downwards.
There is a stone staircase leading up here.
Found a stone staircase leading down.
A frilled lizard comes into view.
The frilled lizard hisses angrily.
Found a stone staircase leading down.
The frilled lizard barely misses you.
You closely miss the frilled lizard.
The frilled lizard bites you but does no damage.
You hit the frilled lizard.
You kill the frilled lizard!
Lugonu accepts your kill.
Grinder comes into view.
Grinder shouts!
Grinder blinks!
Grinder is nearby!
You hit Grinder but do no damage. You tail-slap Grinder.
Grinder is lightly wounded.
Grinder gestures at you.
You suddenly lose the ability to move!
Grinder hits you.
An adder comes into view.
The adder hisses angrily.
Grinder gestures at you. Pain shoots through your body! Grinder hits you.
Grinder hits you!
You writhe in agony.
You can move again.
You closely miss Grinder. You tail-slap Grinder.
Grinder is lightly wounded.
Grinder hits you!
* * * LOW HITPOINT WARNING * * *
You writhe in agony.
* * * LOW HITPOINT WARNING * * *
You hit Grinder.
Grinder is moderately wounded.
Grinder hits you.
* * * LOW HITPOINT WARNING * * *
You writhe in agony.
You die...

####### #<....#
#.###.###### #.#
#.......
####.###.######
########........#
#........########
######.########
#.....>....@#
#.#####.###5# #.#
#S# #.# #.# ..#
#.# ..# ... #..#
..# >#. ..#


You could see Grinder and an adder.

Vanquished Creatures
  A bullfrog (D:2)
  2 adders (D:2)
  2 oozes (D:2)
  A worm (D:2)
  A dart slug (D:1)
  A leopard gecko (D:1)
  A ball python (D:2)
  4 bats (D:2)
  2 giant cockroaches
  7 goblins
  2 hobgoblins (D:1)
  2 jackals (D:1)
  4 kobolds
  A quokka (D:2)
  4 frilled lizards
  4 rats
39 creatures vanquished.

Vanquished Creatures (others)
  A plant (D:1)
1 creature vanquished.

Grand Total: 40 creatures vanquished

Notes
Turn   | Place    | Note
-------+----------+-------------------------------------------
     0 | Abyss:1  | siradein the Draconian Abyssal Knight began the quest for
                  | the Orb.
     0 | Abyss:1  | Reached XP level 1. HP: 19/19 MP: 2/2
   104 | Abyss:1  | Noticed a starcursed mass
   115 | D:1      | Escaped the Abyss
   655 | D:1      | Reached XP level 2. HP: 19/26 MP: 3/3
   872 | D:1      | Reached * piety under Lugonu
  1504 | D:2      | Reached skill level 3 in Invocations
  1586 | D:2      | Reached XP level 3. HP: 29/31 MP: 5/5
  1820 | D:2      | Noticed a bullfrog
  1830 | D:2      | Killed a bullfrog
  1831 | D:2      | Reached skill level 4 in Invocations
  1831 | D:2      | Reached XP level 4. HP: 17/38 MP: 7/7
  2750 | D:3      | Noticed Grinder
  2751 | D:3      | Paralysed by Grinder for 4 turns
  2757 | D:3      | Slain by Grinder

Illustrated notes

Levels and vault maps discovered:
D:1:      heliophobic_arrival_henge, layout_basic, serial_bayou_lake_a
D:2:      layout_basic
D:3:      layout_loops_ring, uniq_grinder

Skill      XL: |  1  2  3 |
---------------+----------+-----
Invocations    | 3 4 |  4.2
Polearms       | 3 |  3.9
Fighting       | |  3.2
Dodging        | |  2.1

Action                   |  1- 3 |  4- 6 || total
-------------------------+-------+-------++-------
Melee: Spear             |   103 |    30 ||   133
       Tailslap          |    14 |     5 ||    19
Invok: Depart the Abyss  |     1 |       ||     1
Armor: Skin              |    51 |    11 ||    62
Dodge: Dodged            |    59 |    14 ||    73

Table legend: (Time is in decaauts)
 A = Elapsed time spent in this place.
 B = Non-inter-level travel time spent in this place.
 C = Inter-level travel time spent in this place.
 D = Time resting spent in this place.
 E = Time spent auto-exploring this place.
 F = Levels seen in this place.
 G = Mean time per level.
                   A        B        C        D        E       F      G
               +--------+--------+--------+--------+--------+-----+--------+
         Total |   2785 |   2750 |     35 |     12 |   2371 |   4 |  696.2 |
       Dungeon |   2670 |   2635 |     35 |     12 |   2277 |   3 |  890.0 |
         Abyss |    115 |    115 |      0 |      0 |     94 |   1 |  115.0 |
               +--------+--------+--------+--------+--------+-----+--------+

Top non-repeatable levels by time:
     D:2: 1607 daAuts
     D:1: 1025 daAuts
 Abyss:1: 115 daAuts
     D:3: 37 daAuts
